[Event "*** Titled Tuesday Blitz"]
[Site "Chess.com"]
[Date "2019.10.01"]
[Round "7"]
[White "AndrewMcStone"]
[Black "chesstatour"]
[Result "0-1"]
[WhiteElo "2129"]
[BlackElo "2043"]
[TimeControl "180+2"]
[EndTime "14:38:20 PDT"]
[Termination "chesstatour won by resignation"]

1. f4 e5 2. fxe5 d6 3. exd6 Bxd6 4. Nf3 g5 5. g3 g4 6. Nh4 Ne7 7. d4 Ng6 8. Nxg6 hxg6 9. Qd3 Qe7 10. Bg2 Nc6 11. c3 Bd7 12. e4 O-O-O 13. Be3 f5 14. Nd2 Rxh2 15. Rxh2 Bxg3+ 16. Kd1 Bxh2 17. Kc2 f4 18.
Bg1 Rh8 19. d5 Ne5 20. Qd4 Bxg1 21. Rxg1 Kb8 22. Nc4 Re8 23. Na5 b6 24. Nb3 g5 25.
Rh1 f3 26. Bf1 g3 27. Rg1 g2 28. Bxg2 fxg2 29. Rxg2 Nf3 30. Qe3 Qxe4+ 31. Qxe4 Rxe4 32.
Kd3 Rf4 33. Nc1 Ne1+ 0-1

[Event "*** Titled Tuesday Blitz"]
[Site "Chess.com"]
[Date "2019.10.01"]
[Round "7"]
[White "Micki-taryan"]
[Black "Duhless"]
[Result "1/2-1/2"]
[WhiteElo "2976"]
[BlackElo "3023"]
[TimeControl "180+2"]
[EndTime "14:38:24 PDT"]
[Termination "Game drawn by repetition"]

1. d4 d5 2. Nf3 Nf6 3. c4 e6 4. Nc3 Bb4 5. Bg5 h6 6. Bxf6 Qxf6 7. Qa4+ Nc6 8. e3 Bd7 9. Qb3 dxc4 10. Qxc4 O-O 11.
Be2 Bd6 12. Ne4 Qe7 13. O-O Rac8 14. Rfc1 Nb8 15. Ne5 Bxe5 16. dxe5 Bc6 17. Bf3 Rfd8 18. Qc3 Bd5 19. b4 Nd7 20. a3 c5 21. b5 Bxe4 22. Bxe4 Nb6 23. Rd1 c4 24. Rxd8+ Rxd8 25. a4 Qc5 26. h4 Nd5 27. Rd1 f5 28. Bxd5 Rxd5 29. Rc1 Qc7 30. h5 Kh7 31. g4 fxg4 32. Qc2+ Kg8 33.
Qg6 Rxe5 34. Qe8+ Kh7 35. Qg6+ Kg8 36. Qe8+ Kh7 37. Qg6+ Kg8 1/2-1/2

[Event "*** Titled Tuesday Blitz"]
[Site "Chess.com"]
[Date "2019.10.01"]
[Round "7"]
[White "Durarbayli"]
[Black "chessdjw"]
[Result "0-1"]
[WhiteElo "2790"]
[BlackElo "2666"]
[TimeControl "180+2"]
[EndTime "14:38:25 PDT"]
[Termination "chessdjw won on time"]

1. e4 c5 2. Nf3 Nc6 3. d4 cxd4 4. Nxd4 Nf6 5. Nc3 e5 6. Ndb5 d6 7. a4 a6 8. Na3 Be7 9. Nc4 Be6 10. Be3 Rb8 11. Bb6 Qd7 12. Be2 O-O 13. O-O d5 14. exd5 Nxd5 15. Nxd5 Qxd5 16. Qxd5 Bxd5 17. Rad1 Be6 18.
Rfe1 f6 19. c3 Bd8 20. Bc5 Be7 21. Bxe7 Nxe7 22. Rd6 Kf7 23. Red1 b5 24. axb5 axb5 25. Na5 b4 26. c4 Nf5 27. Rxe6 Kxe6 28. Bg4 Rfd8 29.
Rc1 Rd2 30. c5 Rxb2 31. c6 b3 32. c7 Rc8 33. g3 Rc2 34. Rb1 b2 35. Nb3 R8xc7 0-1

[Event "*** Titled Tuesday Blitz"]
[Site "Chess.com"]
[Date "2019.10.01"]
[Round "7"]
[White "2165149677570"]
[Black "cukus"]
[Result "0-1"]
[WhiteElo "2293"]
[BlackElo "2467"]
[TimeControl "180+2"]
[EndTime "14:38:28 PDT"]
[Termination "cukus won by resignation"]

1. e4 e5 2. Nf3 Nf6 3. Nxe5 d6 4. Nf3 Nxe4 5. d4 d5 6. Bd3 Bd6 7. O-O O-O 8. c4 c6 9. Nc3 Nxc3 10. bxc3 dxc4 11.
Bxc4 Bf5 12. Bd3 Bxd3 13. Qxd3 Nd7 14. Rb1 Qc7 15. Re1 Rfe8 16. Bg5 h6 17. Bh4 Rxe1+ 18. Rxe1 Nf8 19. Bg3 Bxg3 20. hxg3 Ng6 21. Qf5 Rf8 22. Re3 Qd6 23. Ne5 Nxe5 24. Qxe5 Qxe5 25. Rxe5 f6 26.
Re7 Rf7 27. Re8+ Rf8 28. Re2 Kf7 29. f4 b6 30. Kf2 Re8 31. Rb2 Ke6 32. Ke3 Kd5+ 33.
Kd3 c5 34. c4+ Kd6 35. d5 Re1 36. Re2 Rd1+ 37. Rd2 Rxd2+ 38. Kxd2 h5 39. Ke3 Kd7 40. Ke4 Ke7 41. Kf5 b5 42. cxb5 Kd6 43. Ke4 f5+ 44. Kd3 Kxd5 45. a4 c4+ 46. Kc2 Kc5 47. Kc3 g6 0-1

[Event "*** Titled Tuesday Blitz"]
[Site "Chess.com"]
[Date "2019.10.01"]
[Round "7"]
[White "babero_gordo"]
[Black "politeplayer"]
[Result "1/2-1/2"]
[WhiteElo "2107"]
[BlackElo "2181"]
[TimeControl "180+2"]
[EndTime "14:38:28 PDT"]
[Termination "Game drawn by repetition"]

1. e4 c5 2. Nf3 d6 3. d4 cxd4 4. Nxd4 Nf6 5. f3 g6 6. c4 Bg7 7. Nc3 Nc6 8. Be3 Bd7 9. Be2 Nxd4 10. Bxd4 Bc6 11. O-O a5 12. b3 O-O 13. Qd2 Nd7 14. Bf2 Nc5 15. Rac1 Qb6 16. Rfd1 a4 17. Nb5 axb3 18. axb3 Bxb5 19. cxb5 Qd8 20. Bc4 b6 21. Qf4 Ra2 22. b4 Rxf2 23. Kxf2 Nd7 24. Qe3 Ne5 25.
Be2 f5 26. Kg1 fxe4 27. fxe4 e6 28. Qb3 Qe7 29. Rc2 Bh6 30. Rf1 Rxf1+ 31. Bxf1 Ng4 32. Rc8+ Kf7 33. Qf3+ Nf6 34. Qc3 Nxe4 35. Qh8 Be3+ 36.
Kh1 Nf2+ 37. Kg1 Ng4+ 38. Kh1 Nf2+ 39. Kg1 Ng4+ 40. Kh1 Nf2+ 1/2-1/2

[Event "*** Titled Tuesday Blitz"]
[Site "Chess.com"]
[Date "2019.10.01"]
[Round "7"]
[White "Playgood28"]
[Black "swayamsm"]
[Result "0-1"]
[WhiteElo "2288"]
[BlackElo "2454"]
[TimeControl "180+2"]
[EndTime "14:38:29 PDT"]
[Termination "swayamsm won by resignation"]

1. d4 Nf6 2. c4 g6 3. Nc3 Bg7 4. Nf3 O-O 5. Bf4 d5 6. e3 c5 7. dxc5 Nbd7 8. cxd5 Qa5 9. Qd2 Nxc5 10.
Bc4 Qb4 11. Be2 Bf5 12. O-O Rac8 13. Be5 Rfd8 14. Rfd1 Qb6 15. b3 Nfe4 16. Nxe4 Nxe4 17. Qd4 Bxe5 18. Qxb6 Bxh2+ 19. Nxh2 axb6 20. Rdc1 Rxc1+ 21. Rxc1 Rxd5 22. Nf3 Kg7 23. Kf1 Rc5 24. Rxc5 bxc5 25. Ke1 Kf6 26. Bc4 Bg4 27. a3 Bxf3 28. gxf3 Nd6 29.
Be2 h5 30. f4 h4 31. Kf1 b5 32. Kg2 c4 33. bxc4 bxc4 34. a4 c3 35. Bd3 Nc4 36. Kh3 g5 37. Kg4 gxf4 38. exf4 e5 39. fxe5+ Nxe5+ 0-1

[Event "*** Titled Tuesday Blitz"]
[Site "Chess.com"]
[Date "2019.10.01"]
[Round "7"]
[White "dmosesov"]
[Black "imdvb6307"]
[Result "1/2-1/2"]
[WhiteElo "2536"]
[BlackElo "2417"]
[TimeControl "180+2"]
[EndTime "14:38:31 PDT"]
[Termination "Game drawn - insufficient material"]

1. d4 d5 2. c4 c6 3. Nc3 Nf6 4.
Nf3 e6 5. e3 Nbd7 6. Qc2 Bd6 7.
g4 Nxg4 8. Rg1 Qf6 9. Rxg4 Qxf3 10. Rxg7 h6 11. h3 Nf6 12. Bd2 e5 13. dxe5 Bxe5 14. Rg1 d4 15. Be2 Qf5 16. Qxf5 Bxf5 17. exd4 Bxd4 18.
O-O-O O-O-O 19. h4 Ne4 20. Nxe4 Bxe4 21. Bf4 Bxf2 22. Rg7 Rxd1+ 23. Bxd1 Bxh4 24. Rxf7 Bg5 25. Bg4+ Kd8 26. Bxg5+ hxg5 27. Rxb7 Rh2 28. Rd7+ Ke8 29. Rd2 Rxd2 30. Kxd2 c5 31. Ke3 Bb1 32. a3 a5 33.
Kd2 Ke7 34. Kc3 Kd6 35. b4 cxb4+ 36. axb4 axb4+ 37. Kxb4 Kc7 38. Kc5 Bd3 39. Kd4 Bf1 40.
Ke5 Bxc4 41. Kf6 Bd3 42. Kxg5 1/2-1/2

[Event "*** Titled Tuesday Blitz"]
[Site "Chess.com"]
[Date "2019.10.01"]
[Round "7"]
[White "TrimitziosP7"]
[Black "MathiasWomacka"]
[Result "1/2-1/2"]
[WhiteElo "2735"]
[BlackElo "2303"]
[TimeControl "180+2"]
[EndTime "14:38:32 PDT"]
[Termination "Game drawn by agreement"]

1. Nf3 c5 2. b3 d6 3. Bb2 e5 4. d3 Nc6 5. g3 g6 6. Bg2 Bg7 7. O-O Nge7 8. c4 O-O 9. Nc3 h6 10. Ne1 Be6 11. Rc1 a6 12. Nc2 Rb8 13. Ne3 b5 14.
Ncd5 Qd7 15. f4 Nd4 16. fxe5 dxe5 17. Nf6+ Bxf6 18. Rxf6 Nef5 19. Nxf5 Bxf5 20. e3 Bg4 21. Qd2 Ne2+ 22. Kh1 Nxc1 23. Qxc1 Qxd3 24. Bxe5 Rbe8 25. Bd6 Qxe3 26. Qxe3 Rxe3 27. Bxf8 Re1+ 28. Rf1 Rxf1+ 29. Bxf1 Kxf8 30. cxb5 axb5 31. Bxb5 Ke7 32. Kg2 Kd6 33. Kf2 Be6 34. Ke3 Ke5 35. Bc6 f5 36. Bf3 g5 37. Kd3 f4 38. Kc3 g4 39.
gxf4+ Kxf4 40. Bc6 h5 41. a4 Ke5 42. a5 Kd6 43.
Be4 Bd5 44. Bf5 Kc6 45. Bc8 Kb5 46. a6 Kb6 47. b4 cxb4+ 48. Kxb4 Bf3 49. Kc3 h4 50.
Kd2 g3 51. hxg3 hxg3 52. Bh3 1/2-1/2

[Event "*** Titled Tuesday Blitz"]
[Site "Chess.com"]
[Date "2019.10.01"]
[Round "7"]
[White "Chigorinetz"]
[Black "dolynachess"]
[Result "1-0"]
[WhiteElo "2534"]
[BlackElo "2395"]
[TimeControl "180+2"]
[EndTime "14:38:33 PDT"]
[Termination "Chigorinetz won on time"]

1. e4 d5 2. Nc3 Nf6 3. e5 d4 4.
Nce2 Ng4 5. f4 c5 6. Ng3 Nc6 7.
Bd3 g6 8. Be4 h5 9. Nf3 h4 10.
Nf1 h3 11. g3 Bd7 12. d3 Qc7 13. a3 a6 14. Bd2 O-O-O 15. b4 Rh6 16. bxc5 f5 17.
exf6 exf6 18. f5 g5 19. Nxg5 fxg5 20. Qxg4 Ne5 21. Qxg5 Rh8 22. Qf4 Bxc5 23. Qf2 Bc6 24. Qe2 Rhe8 25. Bf4 Qa5+ 26. Nd2 Bxe4 27. O-O Bg2 28.
Bxe5 1-0

[Event "*** Titled Tuesday Blitz"]
[Site "Chess.com"]
[Date "2019.10.01"]
[Round "7"]
[White "MasterKroket"]
[Black "comsac"]
[Result "1-0"]
[WhiteElo "2427"]
[BlackElo "2266"]
[TimeControl "180+2"]
[EndTime "14:38:44 PDT"]
[Termination "MasterKroket won by resignation"]

1. d4 d5 2. c4 e6 3. Nf3 Nf6 4.
Nc3 Be7 5. Bf4 O-O 6. e3 b6 7. cxd5 Nxd5 8. Nxd5 Qxd5 9. a3 c5 10. Rc1 Bb7 11. Bd3 Nc6 12. dxc5 Bxc5 13. Ng5 h6 14. Ne4 Rad8 15. Nxc5 bxc5 16. Bf1 Qxd1+ 17. Rxd1 Rxd1+ 18. Kxd1 Rd8+ 19. Kc1 Na5 20. f3 Nb3+ 21. Kc2 Nd2 22. Be2 Bc6 23. e4 Ba4+ 24. Kc3 Nb3 25. Bd1 Nd4 26. Bc7 Rd7 27. Bxa4 Rxc7 28. Kc4 Ne2 29. Rd1 Nf4 30. g3 Ng6 31. f4 Kf8 32. Rd8+ Ke7 33. Re8+ Kf6 34. Bc2 e5 35. f5 Ne7 36.
Rd8 Nc6 37. Rd6+ Ke7 38. Rd5 f6 39. Rxc5 Na5+ 40. Kb5 Rxc5+ 41. Kxc5 Nb7+ 42. Kc6 Na5+ 43. Kb5 Nb7 44. b4 Kd7 45. Ka6 Nd6 46. Kxa7 Nb5+ 47.
Ka6 Nxa3 48. Bd3 Kc7 49. b5 Kb8 50. b6 Kc8 51. Ka5 1-0

[Event "*** Titled Tuesday Blitz"]
[Site "Chess.com"]
[Date "2019.10.01"]
[Round "7"]
[White "akretchetov"]
[Black "arjwezhrtdrz"]
[Result "1/2-1/2"]
[WhiteElo "2363"]
[BlackElo "2098"]
[TimeControl "180+2"]
[EndTime "14:38:55 PDT"]
[Termination "Game drawn by repetition"]

1. d4 d6 2. Bf4 c6 3. Nc3 Nf6 4. Qd2 Nbd7 5. Nf3 Qc7 6. h3 e5 7. Bh2 Be7 8. e4 O-O 9. a4 a5 10.
Bc4 exd4 11. Qxd4 Ne8 12. O-O Bf6 13. Qe3 Ne5 14. Be2 Nxf3+ 15. Bxf3 Be5 16. Bxe5 dxe5 17. Rfd1 Be6 18. Qc5 Nf6 19. Nb5 Qb8 20. Nd6 Nd7 21. Qc3 Qa7 22. Bg4 Bxg4 23. hxg4 Rab8 24. b3 Qc5 25.
Qxc5 Nxc5 26. Rd2 g6 27. Rad1 Rfd8 28. g5 Kf8 29. f3 Ke7 30. Nc4 Rxd2 31. Rxd2 Ne6 32.
Nxa5 Nxg5 33. Nc4 f6 34. a5 Ne6 35. c3 Nf4 36. Kf2 Ne6 37. b4 Nf4 38. g3 Ne6 39. Ke3 Nc7 40. Nb6 Rd8 41. Rxd8 Kxd8 42. c4 Ke7 43. Na4 Ne6 44. b5 Kd7 45. b6 h5 46.
Kf2 g5 47. Kg2 Kc8 48. Kh3 Nd4 49. Kg2 Ne6 50. Kf2 Kb8 51. Kg2 Kc8 1/2-1/2

[Event "*** Titled Tuesday Blitz"]
[Site "Chess.com"]
[Date "2019.10.01"]
[Round "7"]
[White "severomorskij"]
[Black "tigra"]
[Result "1-0"]
[WhiteElo "2853"]
[BlackElo "2721"]
[TimeControl "180+2"]
[EndTime "14:38:59 PDT"]
[Termination "severomorskij won by resignation"]

1. d4 Nf6 2. c4 e6 3. Nc3 d5 4. cxd5 exd5 5. Bg5 c6 6. e3 Be6 7. Bd3 Nbd7 8. f4 h6 9. Bh4 g5 10. fxg5 Ng4 11. Nf3 Be7 12. Qe2 hxg5 13. Bg3 f5 14. O-O-O Nh6 15. Kb1 Qa5 16. h4 g4 17. Ng5 Nf8 18. Qc2 Bd7 19. Rhf1 Rg8 20. Bf4 Ng6 21. Bg3 Nxh4 22. Bxh4 Bxg5 23. Bg3 Qb4 24.
Rde1 Be6 25. e4 dxe4 26. Bxe4 fxe4 27. Qxe4 Qe7 28. Qxe6 Qxe6 29. Rxe6+ Kd7 30. Rd6+ Ke7 31. d5 Raf8 32. Re1+ Kf7 33. dxc6 bxc6 34. Rxc6 Re8 35. Ne4 Kg7 36. Nxg5 Nf5 37. Be5+ Kf8 38. Rf6+ 1-0

[Event "*** Titled Tuesday Blitz"]
[Site "Chess.com"]
[Date "2019.10.01"]
[Round "7"]
[White "kingofthenil"]
[Black "KhalilMousavi77"]
[Result "0-1"]
[WhiteElo "2558"]
[BlackElo "2794"]
[TimeControl "180+2"]
[EndTime "14:38:59 PDT"]
[Termination "KhalilMousavi77 won by resignation"]

1. e4 c5 2. d3 Nc6 3. g3 g6 4. Bg2 Bg7 5. f4 d6 6. Nf3 e6 7.
O-O Nge7 8. c3 O-O 9. Be3 b6 10. d4 cxd4 11. cxd4 d5 12. e5 Nf5 13. Bf2 Ba6 14. Re1 h5 15. Nc3 Rc8 16. h3 Na5 17.
Rc1 Nc4 18. b3 Nb2 19. Qd2 Nd3 20. g4 hxg4 21. hxg4 Nh6 22. Bh4 Qd7 23. Bh3 Rc7 24. Bf6 Rfc8 25. f5 Nxe1 26. Nxe1 exf5 27. gxf5 Nxf5 28.
Nd3 Bxf6 29. exf6 Qe6 30. Nf4 Qe4 31. Nxe4 Rxc1+ 32. Kh2 R8c2 33. Nxd5 Rxd2+ 34. Nxd2 Rc2 35. Bxf5 Rxd2+ 36. Kg3 gxf5 37. Ne7+ Kf8 38. d5 Rxa2 39. Kf4 Rb2 40. Ke5 Rxb3 41. d6 Re3+ 42. Kxf5 Bd3+ 43.
Kf4 Re6 44. d7 Rxf6+ 45. Ke3 Re6+ 46. Kxd3 Rd6+ 47. Ke4 Kxe7 48. d8=Q+ Rxd8 0-1

[Event "*** Titled Tuesday Blitz"]
[Site "Chess.com"]
[Date "2019.10.01"]
[Round "7"]
[White "LornerAcosta"]
[Black "eldur16"]
[Result "0-1"]
[WhiteElo "2488"]
[BlackElo "2631"]
[TimeControl "180+2"]
[EndTime "14:39:13 PDT"]
[Termination "eldur16 won on time"]

1. Nf3 Nf6 2. d4 g6 3. c3 Bg7 4. Bf4 O-O 5. Nbd2 d6 6. e4 c5 7. Bd3 cxd4 8. cxd4 Nc6 9. O-O e5 10. Be3 Ng4 11. d5 Nxe3 12. fxe3 Ne7 13. Qe2 Bd7 14.
Rac1 Rc8 15. Nc4 Bg4 16. h3 Bxf3 17. Qxf3 b5 18. Na3 a6 19. Qe2 Qb6 20. Nb1 Bh6 21. Rce1 f6 22. Nd2 Kh8 23. Kh1 Rc7 24. a3 Bg7 25.
Nb3 Rfc8 26. Qd2 Kg8 27. Kh2 Rf8 28. Kh1 f5 29. exf5 gxf5 30. e4 f4 31. Be2 Bf6 32. Bg4 Bh4 33. Be6+ Kg7 34. Rc1 Bg3 35. Qe2 Ng6 36. Qh5 Rb8 37. Nd2 Rbb7 38. Nf3 Rxc1 39. Rxc1 Rc7 40. Rf1 Qe3 41. Ng5 Rc1 42. Qxh7+ Kf6 0-1

[Event "*** Titled Tuesday Blitz"]
[Site "Chess.com"]
[Date "2019.10.01"]
[Round "7"]
[White "SlavenPastar"]
[Black "SoltaniciR"]
[Result "0-1"]
[WhiteElo "2413"]
[BlackElo "2567"]
[TimeControl "180+2"]
[EndTime "14:39:13 PDT"]
[Termination "SoltaniciR won on time"]

1. d4 Nf6 2. c4 Nc6 3. d5 Ne5 4. e3 e6 5. Nc3 Bb4 6. Bd2 O-O 7. Nf3 Nxf3+ 8. Qxf3 c6 9. a3 Bd6 10. e4 exd5 11. exd5 Re8+ 12. Be2 cxd5 13. cxd5 Be5 14. O-O d6 15. h3 a6 16. Rfe1 b5 17. Bd3 Bb7 18. Bg5 Qd7 19. Bf5 Qc7 20. Rac1 Qb6 21. Re3 Bd4 22. Rxe8+ Rxe8 23. Rd1 h6 24. Bh4 a5 25.
Bxf6 Bxf6 26. Bd7 Re7 27. Bf5 b4 28. Ne4 Bxb2 29. axb4 axb4 30. Ng3 g6 31. Bb1 Bd4 32. h4 Re5 33. h5 Bxd5 34. Qf4 Bc3 35. hxg6 fxg6 36.
Qxh6 Bf7 37. Bxg6 Qc7 38. Qh7+ Kf8 39. Qh8+ Ke7 40. Nf5+ Rxf5 41. Bxf5 Bxh8 0-1

[Event "*** Titled Tuesday Blitz"]
[Site "Chess.com"]
[Date "2019.10.01"]
[Round "7"]
[White "Saloni1299"]
[Black "Oleg_Papayan"]
[Result "1/2-1/2"]
[WhiteElo "2068"]
[BlackElo "2415"]
[TimeControl "180+2"]
[EndTime "14:39:13 PDT"]
[Termination "Game drawn by stalemate"]

1. e4 c6 2. d4 g6 3. Nc3 Bg7 4. f4 d5 5. e5 h5 6. Nf3 Nh6 7. Bd3 Bg4 8. h3 Bxf3 9. Qxf3 e6 10. Bd2 Nf5 11. Ne2 Qb6 12. c3 Nd7 13. O-O-O c5 14.
g4 Ne7 15. f5 gxf5 16. gxf5 exf5 17. Bxf5 Nxf5 18. Qxf5 Qe6 19. Qxe6+ fxe6 20. Nf4 Nf8 21.
Rhg1 cxd4 22. Rxg7 dxc3 23. bxc3 O-O-O 24. Kc2 Rd7 25. Rxd7 Kxd7 26. Rg1 Rh7 27. h4 Ke7 28. Ng6+ Nxg6 29. Rxg6 Rf7 30. Bg5+ Kd7 31. Rh6 Rf5 32. Bf6 Kc6 33. Kb3 b5 34. Bg7 Kd7 35. Kb4 Rf4+ 36. Kxb5 Rxh4 37. Bf6 Rc4 38. Rxh5 Rxc3 39. Rh7+ Kc8 40. Rh8+ Kb7 41. Re8 a6+ 42. Kb4 Rc4+ 43. Kb3 Rc6 44. a4 Kb6 45. Be7 d4 46. Rd8 Rc7 47. Bb4 a5 48. Rd6+ Kb7 49. Bxa5 Rc5 50. Bb4 Rxe5 51. Rxd4 Rd5 52. Re4 e5 53. Rh4 Kc6 54. Rh6+ Kb7 55. Kc4 Rd4+ 56. Kc5 Rd7 57. Re6 Ka7 58. Rxe5 Rd1 59. Kb5 Rd7 60. a5 Rb7+ 61.
Ka4 Rc7 62. Re6 Kb7 63. Kb5 Ka8 64. Bc5 Rb7+ 65. Bb6 Rb8 66. Re7 Rb7 67. Re8+ Rb8 68. Re6 Rb7 69. a6 Rb8 70. Re7 Rc8 71. Bc7 Ka7 72.
Be5+ Ka8 73. Kb6 Rc6+ 74. Kb5 Rb6+ 75. Kc5 Rc6+ 76. Kb5 Rb6+ 77. Kxb6 1/2-1/2

[Event "*** Titled Tuesday Blitz"]
[Site "Chess.com"]
[Date "2019.10.01"]
[Round "7"]
[White "Marreuh"]
[Black "Teidi96"]
[Result "0-1"]
[WhiteElo "2099"]
[BlackElo "2224"]
[TimeControl "180+2"]
[EndTime "14:39:13 PDT"]
[Termination "Teidi96 won by resignation"]

1. e4 c5 2. c3 Nf6 3. e5 Nd5 4. d4 cxd4 5. cxd4 Nc6 6. Nf3 d6 7. Bc4 e6 8. O-O Be7 9. Qe2 O-O 10. Qe4 Nb6 11. Bd3 g6 12. exd6 Qxd6 13. Nc3 a6 14. Bf4 Qd8 15. Rad1 Nd5 16. Nxd5 exd5 17.
Qe3 Bf6 18. Rfe1 Bg4 19. Be5 Bxf3 20. Qxf3 Kg7 21. Bxf6+ Qxf6 22. Qxd5 Qxd4 23. Qxd4+ Nxd4 24. Bxg6 Nf3+ 25. gxf3 hxg6 26. Rd7 b5 27. Ree7 Rac8 28. Rc7 Rcd8 29. Red7 Rxd7 30. Rxd7 Rc8 31. Ra7 Rc6 32. Kf1 Kf6 33. b3 Ke6 34. Ke2 f5 35. Kd3 Ke5 36. Re7+ Kf4 37. Re3 g5 38. a4 b4 39. Kd2 a5 40. Rd3 Rc5 41. Re3 Rd5+ 42.
Ke2 Rd6 43. Re7 Rc6 44. Ra7 Rc2+ 45. Kd3 Rc3+ 46. Kd2 Rxb3 47. Rxa5 Rxf3 48. Ke2 Ra3 49.
Ra8 Ra2+ 50. Kd3 Rxf2 51. Rb8 Rxh2 52. Rxb4+ Kg3 53. Kc3 f4 54. Kb3 f3 55. a5 f2 56. a6 f1=Q 0-1

[Event "*** Titled Tuesday Blitz"]
[Site "Chess.com"]
[Date "2019.10.01"]
[Round "7"]
[White "Vlad_Lukiianchuk"]
[Black "IvanRadivojevic"]
[Result "0-1"]
[WhiteElo "2546"]
[BlackElo "2459"]
[TimeControl "180+2"]
[EndTime "14:39:15 PDT"]
[Termination "IvanRadivojevic won by resignation"]

1. c4 e5 2. Nc3 Nc6 3. g3 g6 4.
Bg2 Bg7 5. e3 d6 6. Nge2 Be6 7.
d3 Qd7 8. h3 Nge7 9. Rb1 O-O 10.
Nd5 Nd8 11. Nxe7+ Qxe7 12. O-O Qd7 13. Kh2 c6 14. b3 d5 15. cxd5 cxd5 16. d4 e4 17. Nf4 Nc6 18. Bd2 Rac8 19. Nxe6 fxe6 20. Qe2 a6 21. h4 Rce8 22. Bh3 Qd6 23. h5 e5 24. hxg6 hxg6 25. dxe5 Nxe5 26. Kg2 g5 27. Rbd1 Rf3 28. g4 Ref8 29. Be1 Qe6 30. Qd2 Rxh3 31.
Qxd5 Qxd5 32. Rxd5 Rhf3 33. Bc3 Nf7 34. Bxg7 Kxg7 35.
Rd4 Ne5 36. Rxe4 Nd3 37. Re7+ Kg6 38. Re6+ R8f6 39. Rxf6+ Rxf6 40. Kg3 Nc5 41. f4 Ne4+ 42. Kg2 Rc6 43. Rd1 Rc2+ 44. Kf3 Nd2+ 45. Kg3 Rxa2 46.
f5+ Kf6 47. Rh1 Ne4+ 48. Kf3 Ke5 0-1

[Event "*** Titled Tuesday Blitz"]
[Site "Chess.com"]
[Date "2019.10.01"]
[Round "7"]
[White "Grebeniuk-S"]
[Black "GremioPrudente"]
[Result "1-0"]
[WhiteElo "2500"]
[BlackElo "2289"]
[TimeControl "180+2"]
[EndTime "14:39:17 PDT"]
[Termination "Grebeniuk-S won by checkmate"]

1. d4 d5 2. Nf3 c6 3. Bf4 e6 4. Nbd2 Bd6 5. Bg3 f5 6. e3 Nf6 7. c4 O-O 8. Rc1 Ne4 9. Be5 Bxe5 10. Nxe5 Nd7 11. Nd3 Nxd2 12. Qxd2 Nf6 13. Be2 b6 14. cxd5 cxd5 15. Ne5 Bd7 16. O-O Rc8 17. Ba6 Rxc1 18. Rxc1 Ne4 19. Qb4 h6 20. f3 Nf6 21. Qd6 Qb8 22. Qxb8 Rxb8 23. Rc7 Be8 24. Rxa7 b5 25. Kf2 Rb6 26. Ke2 Nd7 27. Nxd7 Bxd7 28. Kd2 Kf8 29. Rxd7 Rxa6 30. a3 Ra5 31. Kc3 Ra4 32. Rb7 Rc4+ 33. Kd2 b4 34. Rxb4 Rxb4 35. axb4 Ke7 36. Kc3 Kd6 37. b5 Kc7 38. Kb4 Kb6 39. f4 g5 40. g3 gxf4 41. exf4 h5 42. h3 Kb7 43. Kc5 Kc7 44. b6+ Kb7 45. h4 Kb8 46. Kc6 Kc8 47. b7+ Kb8 48. Kb6 e5 49. dxe5 d4 50. e6 d3 51. e7 d2 52. e8=Q# 1-0

[Event "*** Titled Tuesday Blitz"]
[Site "Chess.com"]
[Date "2019.10.01"]
[Round "7"]
[White "TST2014"]
[Black "Orest_Vovk"]
[Result "1-0"]
[WhiteElo "2558"]
[BlackElo "2408"]
[TimeControl "180+2"]
[EndTime "14:39:18 PDT"]
[Termination "TST2014 won on time"]

1. d4 d5 2. c4 Bf5 3. Nc3 e6 4. Nf3 Nf6 5. Qb3 Nc6 6. c5 Qd7 7. Bf4 Be7 8. e3 O-O 9. Bb5 a6 10. Ne5 Nxe5 11. Bxd7 Nd3+ 12. Ke2 Nxf4+ 13. exf4 Nxd7 14.
Kf3 b6 15. c6 Nf6 16. h3 Ne4 17.
Nxe4 Bxe4+ 18. Kg3 Bd6 19. f3 Bf5 20. h4 f6 21.
Rhe1 g5 22. hxg5 fxg5 23. Kf2 Bxf4 24. g4 Bg6 25. Rxe6 Kg7 26. Rae1 Rad8 27. Re7+ Rf7 28. Rxf7+ Kxf7 29. Qb4 Rd6 30. Qc3 a5 31. Re2 Kf6 32.
b3 h5 33. gxh5 Bxh5 34. a3 Bg6 35. b4 axb4 36. axb4 Rd8 37. b5 Rh8 38. Qe1 Bd3 39.
Re6+ Kf5 40. Re5+ Kf6 41. Rxd5 Rh2+ 42. Kg1 Re2 43. Qb4 Be3+ 44. Kh1 Bg6 45. Re5 1-0

[Event "*** Titled Tuesday Blitz"]
[Site "Chess.com"]
[Date "2019.10.01"]
[Round "7"]
[White "NemtsevIgor"]
[Black "j_coca"]
[Result "0-1"]
[WhiteElo "2295"]
[BlackElo "2112"]
[TimeControl "180+2"]
[EndTime "14:39:18 PDT"]
[Termination "j_coca won by checkmate"]

1. e4 g6 2. d4 Bg7 3. c3 d6 4.
Bd3 Nh6 5. Ne2 O-O 6. O-O Kh8 7. Bg5 f6 8. Be3 Nc6 9. h3 e5 10. d5 Ne7 11. Qd2 Neg8 12. c4 g5 13. Ng3 Ne7 14. Nc3 Ng6 15. c5 Nf4 16. cxd6 cxd6 17. Bxf4 gxf4 18.
Nf5 Rg8 19. Kh2 Bf8 20. Rac1 a6 21. Qc2 Qe8 22. Be2 Qg6 23. Bf3 Nxf5 24. exf5 Bxf5 25. Qb3 e4 26. Rg1 exf3 27. gxf3 Qf7 28. Rxg8+ Kxg8 29. Rg1+ Bg7 30. Qc4 Kh8 31. Qxf4 Bg6 32. Qxd6 f5 33. f4 Re8 34. Qc5 Rd8 35. d6 Qd7 36. Rd1 Qc6 37. Qxc6 bxc6 38. Na4 Kg8 39. Nc5 Kf7 40.
Nxa6 Bxb2 41. Nb4 c5 42. Nc6 Rd7 43. Nb8 Rb7 44. Nc6 Ke8 45. a4 Kd7 46. Na5 Ra7 47.
Nc4 Bd4 48. Rb1 Bf7 49. Ne5+ Kxd6 50. Rb6+ Kd5 51. Nd3 Rxa4 52. Rb7 Bg6 53. Rd7+ Ke4 54. Ne5 Bxe5 55. fxe5 Kxe5 56. Re7+ Kf4 57. Rc7 Rc4 58.
Kg2 Rc2 59. h4 c4 60. h5 Bxh5 61. Rxh7 Bf3+ 62. Kh3 Rc1 63. Rh4+ Bg4+ 64. Kg2 c3 65. Rh8 Bf3+ 66. Kh2 Rh1# 0-1

[Event "*** Titled Tuesday Blitz"]
[Site "Chess.com"]
[Date "2019.10.01"]
[Round "7"]
[White "ckgchess"]
[Black "tteshan"]
[Result "1-0"]
[WhiteElo "2687"]
[BlackElo "2268"]
[TimeControl "180+2"]
[EndTime "14:39:24 PDT"]
[Termination "ckgchess won by resignation"]

1. Nf3 Nf6 2. c4 g6 3. Nc3 Bg7 4. e4 d6 5. d4 O-O 6. Be2 Na6 7. O-O e5 8. h3 exd4 9. Nxd4 Nc5 10. Bf3 Re8 11. Re1 Ne6 12. Be3 Nxd4 13. Bxd4 Be6 14. b3 Nd7 15. Ne2 Ne5 16. Bxe5 Bxe5 17. Rc1 Qf6 18. Bg4 Bxg4 19. hxg4 Bb2 20. Rb1 Be5 21. g3 Qe6 22. f3 h5 23. gxh5 Qh3 24. f4 Bf6 25.
hxg6 Kg7 26. Qd5 fxg6 27. Kf2 Qh2+ 28. Kf3 c6 29. Qd3 Qh5+ 30. Kg2 Qg4 31. Qf3 Qe6 32. Rbd1 Qxe4 33. Rxd6 Qxf3+ 34. Kxf3 Re7 35. Red1 Rae8 36.
Rd7 Kf7 37. Rxe7+ Rxe7 38. g4 b5 39. Ng3 bxc4 40. bxc4 c5 41. Ne4 Bd4 42. Rb1 Kg7 43. Rb5 Rc7 44. a4 Kh7 45. a5 Kg7 46. a6 Rc6 47.
Rb7+ Kg8 48. Rxa7 Rb6 49. Ra8+ Kg7 50. g5 Rb3+ 51. Kg4 Rb1 52. Nd6 Rg1+ 53. Kf3 Rf1+ 54. Ke4 Re1+ 55. Kd5 Ra1 56. Nb5 Be3 57. Ke4 Bg1 58.
a7 Kh7 59. Rc8 1-0

[Event "*** Titled Tuesday Blitz"]
[Site "Chess.com"]
[Date "2019.10.01"]
[Round "7"]
[White "JSPrepz"]
[Black "Frolik67"]
[Result "0-1"]
[WhiteElo "2801"]
[BlackElo "2597"]
[TimeControl "180+2"]
[EndTime "14:39:26 PDT"]
[Termination "Frolik67 won by checkmate"]

1. e4 e6 2. f4 d5 3. e5 c5 4. Nf3 Nc6 5. c3 Qb6 6. Na3 Nh6 7. Nc2 Nf5 8. Bd3 h5 9. Bxf5 exf5 10. d4 Be6 11. O-O g6 12. Kh1 Be7 13. a3 Rc8 14. b4 cxd4 15. cxd4 a5 16. Rb1 axb4 17. axb4 Na7 18.
b5 Kf8 19. Qd3 Kg7 20. Ba3 Bxa3 21. Nxa3 Rc7 22. Qe3 Rhc8 23. Qf2 Rc3 24. Ra1 Qd8 25. Nb1 Rc2 26. Nbd2 Nxb5 27. Qg3 Nc3 28. Rae1 Ne4 29. Nxe4 dxe4 30. Ng5 Qxd4 31. Rd1 Rd2 32. Nxe6+ fxe6 33. Rb1 Rc7 34. h3 Qd8 35. Rb6 h4 36. Qb3 Qd5 37.
Qe3 Rd3 38. Qe1 Rg3 39. Rd6 Qa2 40. Rf2 Qa3 41. Rfd2 Rc1 42. Rd7+ Kh6 43. Rd1 Rc2 44.
R7d2 Rxd2 45. Rxd2 Qe3 46. Qd1 Qxf4 47. Rd8 Qxe5 48.
Qc1+ e3 49. Qc8 Kg5 50. Rg8 e2 51. Qd8+ Kf4 52. Qxh4+ Ke3 53. Qb4 Kf2 54. Qd2 Rxh3+ 55. gxh3 Qe4+ 56. Kh2 Qg2# 0-1